 Dungeon Crawl Stone Soup version 0.31-a0-1074-g0b22e4e0f1 (webtiles) character file.

Game seed: 724317162501653662

3411 gelatine the Chopper (level 9, -4/68 HPs)
             Began as a Demonspawn Fighter on Dec 2, 2023.
             Slain by a vampire (5 damage)
             ... on level 9 of the Dungeon.
             The game lasted 00:18:45 (7165 turns).

gelatine the Chopper (Demonspawn Fighter)           Turns: 7165, Time: 00:18:46

Health: -4/68      AC: 16    Str: 25    XL:     9   Next: 76%
Magic:  0/4        EV: 10    Int: 10    God:
Gold:   337        SH:  9    Dex: 13    Spells: 14/14 levels left

rFire   . . .        H - +2 hand axe (antimagic)
rCold   . . .        c - +0 buckler
rNeg    + + .        p - +1 chain mail of Imeorec {rElec rPois Str+5 Int-3}
rPois   +            (helmet restricted)
rElec   +            r - +0 cloak
rCorr   .            (no gloves)
SInv    .            n - +1 pair of boots "Wuokh" {+Inv rElec rN+ Int+3}
Will    .....        (no amulet)
Stlth   x              - ring of positive energy
HPRegen 0.31/turn    B - ring of flight
MPRegen 0.18/turn

%: guardian spirit
@: about to teleport, flying
A: horns 2, magic shield, magic regeneration, sharp scales 2, condensation
shield
a: Evoke Invisibility


You were on level 9 of the Dungeon.
You visited 2 branches of the dungeon, and saw 10 of its levels.
You also visited: Ossuary.

You collected 451 gold pieces.
You spent 114 gold pieces at shops.

Inventory:

Hand Weapons
 a - a +0 war axe
 H - a +2 antimagic hand axe (weapon)
Missiles
 D - 2 boomerangs
 I - 4 javelins
 J - 6 silver javelins
Armour
 b - a +0 scale mail
 c - a +0 buckler (worn)
 n - the +1 pair of boots "Wuokh" (worn) {+Inv rElec rN+ Int+3}
   (You found it on level 2 of the Dungeon)

   Int+3:     It affects your intelligence (+3).
   rElec:     It insulates you from electricity.
   rN+:       It protects you from negative energy.
   +Inv:      It lets you turn invisible.
 p - the +1 chain mail of Imeorec (worn) {rElec rPois Str+5 Int-3}
   (You found it on level 3 of the Dungeon)

   Str+5:     It affects your strength (+5).
   Int-3:     It affects your intelligence (-3).
   rElec:     It insulates you from electricity.
   rPois:     It protects you from poison
 r - a +0 cloak (worn)
 E - a +3 leather armour
Jewellery
 x - a ring of positive energy (left hand)
 B - a ring of flight (right hand)
Wands
 y - a wand of roots (11)
 F - a wand of mindburst (11)
 G - a wand of charming (5)
Scrolls
 g - a scroll of blinking
 h - 5 scrolls of enchant weapon
 i - 2 scrolls of fear {unknown}
 j - 3 scrolls of fog {unknown}
 k - 2 scrolls of vulnerability {unknown}
 s - 4 scrolls of teleportation
 v - a scroll of noise {unknown}
 w - a scroll of revelation {unknown}
 C - a scroll of enchant armour {unknown}
Potions
 d - a potion of might
 e - 4 potions of curing
 f - 2 potions of haste
 l - 4 potions of mutation
 m - 3 potions of cancellation
 o - 2 potions of lignification
 q - a potion of magic
 t - 3 potions of brilliance
 u - 3 potions of heal wounds
 z - a potion of resistance
 A - a potion of enlightenment


   Skills:
 * Level 5.5 Fighting
 * Level 7.6 Axes
 * Level 5.7 Armour
 * Level 3.6 Dodging
 + Level 0.2 Stealth
 * Level 5.2 Shields
 * Level 3.2 Spellcasting
 * Level 4.1 Evocations


You had 14 spell levels left.
You didn't know any spells.
Your spell library contained the following spells:

 Spells                   Type           Power      Damage    Failure   Level
 Apportation              Tloc           2%         N/A       85%         1
 Shock                    Conj/Air       4%         1d3       85%         1
 Summon Small Mammal      Summ           4%         N/A       85%         1
 Jinxbite                 Hex            2%         N/A       94%         2
 Sublimation of Blood     Necr           1%         N/A       94%         2
 Call Canine Familiar     Summ           1%         N/A       99%         3
 Summon Guardian Golem    Hex/Summ       1%         N/A       99%         3
 Swiftness                Air            1%         N/A       99%         3
 Airstrike                Air            0%         2d(1-17)  100%        4
 Petrify                  Tmut/Erth      1%         N/A       100%        4
 Alistair's Intoxication  Tmut/Pois      0%         N/A       100%        5
 Irradiate                Conj/Tmut      0%         3d11      100%        5


Dungeon Overview and Level Annotations

Branches:
Dungeon (9/15)             Temple (1/1) D:6            Lair (0/5) D:8
Ossuary (visited)
    Orc: D:9-12

Altars:
Ashenzari
Cheibriados
Dithmenos
Fedhas
Gozag
Hepliaklqana
Kikubaaqudgha
Makhleb
Nemelex Xobeh
Okawaru
Qazlal
Ru
Sif Muna
Trog
Uskayaw
Vehumet
Wu Jian
Xom
Yredelemnul

Shops:
D:3 ?   D:6 [   D:7 :(


Innate Abilities, Weirdness & Mutations

You have a pair of horns on your head.
When hurt, damage is shared between your health and your magic reserves.
You regenerate magic rapidly.
You are mostly covered in razor-sharp scales. (AC +2, Slay +2)
A meltable shield of frost defends you. (SH +4)


Message History

You block something's attack.
Unknown command.
You barely miss the centaur. You headbutt the centaur.
The centaur is heavily wounded.
You completely miss something.
The centaur hits you but does no damage.
The centaur kicks you but does no damage.
Something hits you.
* * * LOW HITPOINT WARNING * * *
Something bites you but does no damage.
The centaur hits you but does no damage.
You block the centaur's attack.
An orc comes into view. It is wielding a +0 club.
You closely miss the centaur.
The centaur is heavily wounded.
You hit something but do no damage. You slash the orc!
You kill the orc!
You block the centaur's attack. x2; Something draws life force from you.
* * * LOW HITPOINT WARNING * * *
You hit the centaur.
The centaur is severely wounded.
You completely miss something. The centaur hits you.
* * * LOW HITPOINT WARNING * * *
You block the centaur's attack.
You hit the centaur.
The centaur is severely wounded.
You hit the orc. You hit something.
The centaur hits you but does no damage.
The centaur barely misses you. Something hits you.
* * * LOW HITPOINT WARNING * * *
Something bites you.
* * * LOW HITPOINT WARNING * * *
The orc hits you but does no damage.
A gnoll sergeant comes into view. It is wielding a +3 heavy spear.
The centaur closely misses you. The centaur barely misses you.
As you read the scroll of teleportation, it crumbles to dust.
You feel strangely unstable.
The gnoll sergeant shouts!
You block something's attack. Something bites you.
You die...

... .#.#.#.#.......#
##g.### #.#.###...<.#
#...#.. #.#...#.##..#
#..o#.###.###.#.##..#
#...............##..#
#..........#######..#
#.........## #..#
#....o)...# #..#
#....{@...# #..#
#.....c...#
#.........#
#.........#
#.........#
#.........#
#.........#
#.........#


You could see a gnoll sergeant, a centaur and 2 orcs.

Vanquished Creatures
  A steam dragon (D:8)
  2 wargs (D:8)
  A water moccasin (D:7)
  A black bear (D:6)
  4 orc warriors
  3 ice beasts
  2 ogres
  3 centaurs (D:7)
  A kobold brigand (D:7)
  2 bullfrogs
  3 wights (D:8)
  2 howler monkeys
  8 centaur zombies (Ossuary)
  7 hounds
  3 jellies
  A gnoll bouda (D:4)
  8 orc priests
  A sleepcap (D:5)
  4 orc wizards
  3 iguanas
  5 mummies (Ossuary)
  3 gnolls (D:4)
  8 adders
  A white imp (D:7)
  4 ufetubi (D:6)
  2 adder zombies (D:5)
  An adder skeleton (D:5)
  23 orcs
  7 ball pythons
  9 bats
  7 endoplasms
  4 giant cockroaches
  7 goblins
  8 hobgoblins
  3 jackals
  5 quokkas
  3 frilled lizards
  2 hobgoblin zombies (Ossuary)
  17 kobolds
  2 rats
181 creatures vanquished.

Vanquished Creatures (collateral kills)
  A howler monkey skeleton (D:5)
  An adder skeleton (D:5)
2 creatures vanquished.

Vanquished Creatures (others)
  2 orc wizards (D:8)
  2 orcs (D:8)
4 creatures vanquished.

Grand Total: 187 creatures vanquished

Notes
Turn   | Place    | Note
-------+----------+-------------------------------------------
     0 | D:1      | gelatine the Demonspawn Fighter began the quest for the
                  | Orb.
     0 | D:1      | Reached XP level 1. HP: 18/18 MP: 1/1
   238 | D:1      | Reached skill level 2 in Axes
   341 | D:1      | Gained mutation: You have a pair of small horns on your
                  | head. [demonic ancestry]
   341 | D:1      | Reached XP level 2. HP: 24/24 MP: 2/2
   771 | D:1      | Found a faded altar of an unknown god.
  1204 | D:2      | Gained mutation: A meltable shield of frost defends you.
                  | (SH +4) [demonic ancestry]
  1204 | D:2      | Reached XP level 3. HP: 29/29 MP: 3/3
  1273 | D:2      | Identified the +1 pair of boots "Wuokh" {+Inv rElec rN+
                  | Int+3}
  1829 | D:3      | Gained mutation: You have a pair of horns on your head.
                  | [demonic ancestry]
  1829 | D:3      | Reached XP level 4. HP: 33/35 MP: 4/4
  1947 | D:3      | Found a large runed translucent door.
  1947 | D:3      | Found a large runed translucent door.
  1976 | D:3      | Found Derra's Magic Scroll Shop.
  1998 | D:3      | Reached skill level 1 in Dodging
  1998 | D:3      | Reached skill level 1 in Evocations
  2020 | D:3      | Gained mutation: You regenerate magic rapidly. [demonic
                  | ancestry]
  2020 | D:3      | Reached XP level 5. HP: 34/41 MP: 5/5
  2023 | D:3      | Reached skill level 3 in Axes
  2079 | D:3      | Bought a scroll of enchant weapon for 90 gold pieces
  2079 | D:3      | Bought a scroll of identify for 24 gold pieces
  2092 | D:3      | Identified the +1 chain mail of Imeorec {rElec rPois Str+5
                  | Int-3}
  2263 | D:3      | Found a hide-covered altar of Uskayaw.
  2389 | D:3      | You fall into a shaft and drop 2 floors!
  2389 | D:5      | Entered Level 5 of the Dungeon
  2455 | D:5      | Found a sand-covered staircase.
  2470 | Ossuary  | Entered an ossuary
  2540 | Ossuary  | Reached XP level 6. HP: 47/47 MP: 5/7
  2594 | Ossuary  | Reached skill level 1 in Spellcasting
  2596 | Ossuary  | Reached skill level 4 in Axes
  2625 | Ossuary  | Gained mutation: You are partially covered in razor-sharp
                  | scales. (AC +1, Slay +1) [demonic ancestry]
  2625 | Ossuary  | Reached XP level 7. HP: 40/53 MP: 8/8
  3518 | D:3      | Found a burning altar of Makhleb.
  3530 | D:3      | Found a shimmering blue altar of Sif Muna.
  3933 | D:5      | Reached skill level 5 in Axes
  4105 | D:5      | Gained mutation: You are mostly covered in razor-sharp
                  | scales. (AC +2, Slay +2) [demonic ancestry]
  4105 | D:5      | Reached XP level 8. HP: 8/60 MP: 10/10
  4820 | D:6      | Found Suaskuc's Armour Shop.
  4866 | D:6      | Found a stormy altar of Qazlal.
  4873 | D:6      | Found a broken altar of Ashenzari.
  4897 | D:6      | Found an opulent altar of Gozag.
  5272 | D:6      | Found a staircase to the Ecumenical Temple.
  5285 | Temple   | Entered the Ecumenical Temple
  5480 | D:7      | Reached skill level 6 in Axes
  5525 | D:7      | Found Siago's Vocational Training.
  5684 | D:7      | Found Ninnajua's Antique Weapon Boutique.
  5725 | D:7      | Gained mutation: When hurt, damage is shared between your
                  | health and your magic reserves. [demonic ancestry]
  5725 | D:7      | Reached XP level 9. HP: 42/66 MP: 11/13
  5863 | D:7      | Found an iron altar of Okawaru.
  5893 | D:7      | Reached skill level 5 in Fighting
  6025 | D:7      | Found a shadowy altar of Dithmenos.
  6196 | D:7      | Reached skill level 5 in Armour
  6383 | D:8      | Reached skill level 7 in Axes
  6512 | D:8      | Found a staircase to the Lair.
  6533 | D:8      | Reached skill level 5 in Shields
  7129 | D:9      | Found an ancient bone altar of Kikubaaqudgha.
  7164 | D:9      | HP: 1/68 [something (6)]
  7165 | D:9      | Slain by a vampire

Illustrated notes

Levels and vault maps discovered:
D:1:      erik_arrival_triangle_huge, layout_basic,
          shapermc_ecumenical_altar_gd, minmay_stone_trees_small
D:2:      layout_basic
D:3:      layout_basic, jmf_multi_god_temple2, mainiacjoe_overflow_paths,
          serial_shops, shop, grunt_decor_one_mirror, minmay_fractal_squares_5
D:4:      layout_basic
D:5:      layout_loops_ring, mainiacjoe_ossuary_entry_find_the_door
D:6:      layout_rooms, grunt_qazlal_sundering, evilmike_ruin_ashenzari,
          mainiacjoe_overflow_boulevard, minmay_temple_entry_drinking_statues,
          serial_shops, shop
D:7:      layout_basic, okawaru_trees_1, amethyst_overflow_temple_binary,
          serial_shops, shop, nicolae_shop_vocational
D:8:      layout_rooms, erik_lair_orcish_takeover
D:9:      layout_long_grid, mainiacjoe_overflow_large_starburst,
          kennysheep_orc_monster_closet_entryway, kennysheep_boxes
Temple:   minmay_temple_curvy_loop

Skill      XL: |  1  2  3  4  5  6  7  8  9 |
---------------+----------------------------+-----
Axes           | 2 3 4 5 6 7 |  7.6
Armour         | 3 4 5 |  5.7
Shields        | 3 4 5 |  5.2
Dodging        | 1 2 3 |  3.6
Evocations     | 1 2 3 4 |  4.1
Spellcasting   | 1 2 3 |  3.2
Fighting       | 4 5 |  5.5
Stealth        | |  0.2

Action                     |  1- 3 |  4- 6 |  7- 9 || total
---------------------------+-------+-------+-------++-------
  Melee: War axe           |   118 |   145 |   192 ||   455
         Headbutt          |    20 |    26 |    68 ||   114
         Hand axe          |       |       |   110 ||   110
    Use: Scroll            |     3 |     4 |    10 ||    17
         Potion            |       |     1 |     3 ||     4
   Stab: Distracted        |       |     1 |       ||     1
 Armour: Scale mail        |    72 |    53 |       ||   125
         Chain mail        |       |    98 |   249 ||   347
  Dodge: Dodged            |    41 |    85 |   132 ||   258
  Block: Buckler           |    36 |    87 |   130 ||   253

Table legend: (Time is in decaauts)
 A = Elapsed time spent in this place.
 B = Non-inter-level travel time spent in this place.
 C = Inter-level travel time spent in this place.
 D = Time resting spent in this place.
 E = Time spent auto-exploring this place.
 F = Levels seen in this place.
 G = Mean time per level.
                   A        B        C        D        E       F      G
               +--------+--------+--------+--------+--------+-----+--------+
         Total |   7313 |   6910 |    403 |      0 |   5072 |  11 |  664.8 |
       Dungeon |   6962 |   6646 |    316 |      0 |   4953 |   9 |  773.6 |
        Temple |     88 |      1 |     87 |      0 |      0 |   1 |   88.0 |
       Ossuary |    261 |    261 |      0 |      0 |    119 |   1 |  261.0 |
               +--------+--------+--------+--------+--------+-----+--------+

Top non-repeatable levels by time:
     D:1: 1156 daAuts
     D:4: 1033 daAuts
     D:5: 986 daAuts
     D:7: 913 daAuts
     D:3: 895 daAuts
     D:8: 767 daAuts
     D:2: 625 daAuts
     D:6: 542 daAuts
 Ossuary: 261 daAuts
  Temple: 88 daAuts
     D:9: 42 daAuts
